 Dungeon Crawl Stone Soup version 0.23-a0-417-gf02c810 (webtiles) character file.

4079 Bacchus the Cleaver (level 10, 17/88 HPs)
             Began as a Centaur Monk on Nov 10, 2018.
             Was an Initiate of Uskayaw.
             Quit the game on level 9 of the Dungeon.
             The game lasted 00:58:06 (11783 turns).

Bacchus the Cleaver (Centaur Monk)                 Turns: 11783, Time: 00:58:07

Health: 17/88      AC: 11    Str: 17    XL:     10   Next: 5%
Magic:  13/13      EV:  4    Int:  9    God:    Uskayaw [......]
Gold:   223        SH:  0    Dex: 12    Spells: 9/9 levels left

rFire    + + .     SeeInvis .   c - +0 hand axe (flame)
rCold    . . .     Gourm    .   (no shield)
rNeg     . . .     Faith    .   z - +0 chain mail
rPois    .         Spirit   .   v - +0 helmet
rElec    .         Reflect  .   (no cloak)
rCorr    .         Harm     .   i - +1 pair of gloves
MR       .....                  (no barding)
Stlth    ..........             h - amulet of magic regeneration
HPRegen  0.24/turn              e - ring of protection from fire {rF+, !d}
MPRegen  0.38/turn              C - ring of protection from fire {rF+, !d}

@: lethally poisoned (17 -> 0), hasted, very heavily drained, very quick
A: large, hooves 3, deformed body, speed 2, tough skin 3
a: Renounce Religion


You were on level 9 of the Dungeon.
You worshipped Uskayaw.
Uskayaw was noncommittal.
You were not hungry.

You visited 2 branches of the dungeon, and saw 10 of its levels.
You also visited: Ossuary.

You collected 433 gold pieces.
You spent 210 gold pieces at shops.

Inventory:

Hand Weapons
 a - a +0 shortbow
   (You took it off a centaur on level 6 of the Dungeon)
 b - a +1 hand axe
 c - a +0 hand axe of flaming (weapon)
   (You took it off an orc on level 7 of the Dungeon)
Missiles
 l - 80 arrows
Armour
 i - a +1 pair of gloves (worn)
   (You found it on level 3 of the Dungeon)
 r - a +0 shield
   (You found it on level 6 of the Dungeon)
 v - a +0 helmet (worn)
   (You took it off Robin on level 3 of the Dungeon)
 z - a +0 chain mail (worn)
   (You took it off an orc warrior on level 6 of the Dungeon)
Jewellery
 e - a ring of protection from fire (left hand) {rF+, !d}
   (You found it on level 9 of the Dungeon)
 h - an amulet of magic regeneration (around neck)
   (You found it on level 1 of the Dungeon)
 t - the ring "Tiaxajuo" {rF+ rC- Str+10 Slay+3}
   (You found it on level 5 of the Dungeon)

   [ring of protection from fire]

   It affects your strength (+10).
   It affects your accuracy and damage with ranged weapons and melee attacks
   (+3).
   It protects you from fire.
   It makes you vulnerable to cold.
 u - an uncursed ring of see invisible {sInv, !d}
   (You bought it in a shop on level 6 of the Dungeon)
 C - a ring of protection from fire (right hand) {rF+, !d}
   (You found it on level 8 of the Dungeon)
Scrolls
 d - 7 scrolls of remove curse
 g - 2 scrolls of teleportation
 k - 2 scrolls of immolation {!r}
 m - 3 scrolls of amnesia
 n - a scroll of enchant armour
 o - 5 scrolls of magic mapping {!r}
 s - a scroll of enchant weapon
 w - a scroll of random uselessness {unknown}
 y - a scroll of blinking {unknown}
 D - a scroll of holy word {unknown}
Potions
 j - 2 potions of flight
 q - 6 potions of brilliance
 x - 2 potions of magic
Comestibles
 f - 15 rations
 B - 5 chunks of flesh {@w0}


   Skills:
 - Level 8.0(4.0) Fighting
 - Level 8.0(4.0) Axes
 - Level 6.0(2.2) Armour
 - Level 2.4(0.0) Dodging
 - Level 1.4(0.0) Stealth
 + Level 5.0(1.3) Invocations


You had 9 spell levels left.
You didn't know any spells.
Your spell library was empty.

Dungeon Overview and Level Annotations

Branches:
Dungeon (9/15)             Temple (1/1) D:5
   Lair: D:8-11         Orc: D:9-12

Altars:
Ashenzari
Cheibriados
Dithmenos
Elyvilon
Fedhas
Hepliaklqana
Kikubaaqudgha
Makhleb
Nemelex Xobeh
Okawaru
Qazlal
Ru
Sif Muna
Trog
Uskayaw
Vehumet
Wu Jian
Xom
Yredelemnul
The Shining One

Shops:
D:6 =

Annotations:
D:2 Sigmund
D:8 Psyche
D:9 1 runed door, Erica; Prince Ribbit; jusw85's ghost, novice MfAK


Innate Abilities, Weirdness & Mutations

You have hooves in place of feet.
Armour fits poorly on your strangely shaped body.
You cover ground very quickly.
You have extremely tough skin. (AC +3)


Message History

The killer bee poisons you!
You take 9 damage, and have 25/88 hp.
You now have 10/13 mp.
As you read the scroll of teleportation, it crumbles to dust.
You feel strangely unstable.
* * * LOW HITPOINT WARNING * * *
You feel sick.
A vampire comes into view.
The killer bee stings you but does no damage.
You take 2 damage, and have 23/88 hp.
You are confused.
You feel invigorated.
* * * LOW HITPOINT WARNING * * *
You feel sick. The killer bee stings you.
* * * LOW HITPOINT WARNING * * *
You take 3 damage, and have 20/88 hp.
MP restored: 13 You bump into the stone wall.
* * * LOW HITPOINT WARNING * * *
You feel sick.
The killer bee stings you but does no damage.
The killer bee stings you.
* * * LOW HITPOINT WARNING * * *
You take 1 damage, and have 19/88 hp.
You bump into the stone wall.
* * * LOW HITPOINT WARNING * * *
You feel sick.
The killer bee stings you but does no damage.
Okay, then.
Unknown command.
You hit the killer bee. You burn the killer bee.
You kill the killer bee!
Your base Invocations skill increases to level 5!
* * * LOW HITPOINT WARNING * * *
You feel sick. The killer bee stings you.
* * * LOW HITPOINT WARNING * * *
You take 1 damage, and have 19/88 hp.
* * * LOW HITPOINT WARNING * * *
You feel sick.
You take 1 damage, and have 18/88 hp.
You bump into the stone wall.
* * * LOW HITPOINT WARNING * * *
You feel sick. The killer bee stings you.
* * * LOW HITPOINT WARNING * * *
Unknown command.
You barely miss the killer bee.
Your surroundings suddenly seem different.
* * * LOW HITPOINT WARNING * * *
You feel sick.
An ogre comes into view. It is wielding a +0 giant club.
The ogre shouts!
You hear a shout!
An orc zombie comes into view.
You hear a bark! x2
Your magic is already full.
Okay, then.
Unknown command.
You bump into the rock wall.
You feel less invigorated.
You feel less confused.
* * * LOW HITPOINT WARNING * * *
You feel sick.
You regained 2 hp, and now have 21/88 hp.
* * * LOW HITPOINT WARNING * * *
You feel sick.
You take 1 damage, and have 20/88 hp.
Enter note: quit Unknown command.
Okay, then.
Okay, then.
Aim: an ogre, wielding a +0 giant club
Okay, then.
Unknown command.
Unknown command.
* * * LOW HITPOINT WARNING * * *
You feel sick.
You take 1 damage, and have 19/88 hp. 3 zombies come into view.
* * * LOW HITPOINT WARNING * * *
You feel sick.
You are lethally poisoned (19 -> 0).
Your actions are hasted.
Your life force is very heavily drained.
Your movement speed is very quick.
Your attack speed is quite fast.
A bullfrog, 2 zombies and a skeleton come into view.
* * * LOW HITPOINT WARNING * * *
You feel sick.
The bullfrog gives a loud, deep croak!
A goblin zombie comes into view.
You take 1 damage, and have 18/88 hp.
A hungry ghost and 3 zombies come into view.
* * * LOW HITPOINT WARNING * * *
You feel sick.
You take 1 damage, and have 17/88 hp.
Unknown command.
Okay, then.
Okay, then.
Aim: a goblin zombie
Okay, then.
Unknown command.
Okay, then.
Unknown command.
Unknown command.

# ### #. #.# ##..Z WZ
#.# #..#. Z#
#.####...# #F .#
#>##...Z.. .##..#
#.#...Z##.#.ZZ.#
#@##.Z..##@#
#.####.##.###..Z#
#.....<##.#O.###Z....Z
######.#.?.### #./##.
..###...# ##.# ..F#
#..## # .#..# ##.#
#.#### .# # ##


You could see a hungry ghost, an ogre, a bullfrog, 3 goblin zombies, a hobgoblin
zombie, an orc zombie, 2 ogre zombies and a troll zombie.

Vanquished Creatures
  Grinder (D:5)
  2 wraiths (D:8)
  Eustachio (D:4)
  An orc warrior (D:6)
  2 ice beasts
  A sky beast (D:5)
  A phantom (D:6)
  2 ogres (D:5)
  A necrophage (D:8)
  A centaur (D:6)
  A crocodile (D:7)
  2 big kobolds
  5 bullfrogs
  A killer bee (D:9)
  2 scorpions (D:7)
  11 wights
  An electric eel (D:7)
  A howler monkey (D:6)
  3 centaur zombies
  A crimson imp (D:5)
  A quasit (D:7)
  A bullfrog zombie (D:5)
  3 bullfrog skeletons
  A hound (D:4)
  4 human zombies (D:8)
  2 orc priests
  Jessica (D:2)
  A human skeleton (D:8)
  6 iguanas
  4 orc wizards
  5 worker ants
  An ogre zombie (D:8)
  A big kobold zombie (Ossuary)
  2 hound zombies
  6 mummies
  A worker ant zombie (D:6)
  Robin (D:3)
  11 gnolls
  12 adders
  A shadow imp (D:8)
  An ooze (D:1)
  An adder zombie (D:7)
  4 worms
  3 adder skeletons
  2 dart slugs (D:1)
  2 leopard geckos
  20 orcs
  6 giant cockroaches
  A gnoll zombie (Ossuary)
  17 goblins
  10 hobgoblins
  7 jackals (D:2)
  19 kobolds
  5 quokkas
  A ball python (D:2)
  9 bats
  6 frilled lizards
  A goblin zombie (Ossuary)
  A hobgoblin zombie (Ossuary)
  A jackal zombie (Ossuary)
  2 kobold zombies (Ossuary)
  An orc skeleton (D:8)
  2 orc zombies (Ossuary)
  2 quokka skeletons
  A quokka zombie (D:6)
  6 rats
  2 rat zombies (Ossuary)
239 creatures vanquished.

Notes
Turn   | Place    | Note
-------+----------+-------------------------------------------
     0 | D:1      | Bacchus the Centaur Monk began the quest for the Orb.
     0 | D:1      | Reached XP level 1. HP: 19/19 MP: 1/1
   320 | D:1      | Reached XP level 2. HP: 23/26 MP: 2/2
   358 | D:1      | Bacchus: That was a shitty game anyway.
   358 | D:1      | Toan: at least, don't go Uska for this game
   358 | D:1      | Bacchus: I didn't know there were four orange crystal
                  | statues in that vault.
   358 | D:1      | Bacchus: ??orange crystal statue
   358 | D:1      | beem: orange crystal statue[1/1]: A big orange 8 that
                  | drains your big orange MP and gives you big orange
                  | confusion. Immune to disintegration, unlike granite
                  | statues. Also can feed on your big orange brain.
   398 | D:1      | Toan: that's how they get you xD
   450 | D:1      | Reached skill level 3 in Axes
   451 | D:1      | Bacchus: Dumb.
   564 | D:1      | Reached XP level 3. HP: 27/31 MP: 3/3
   896 | D:2      | You fall through a shaft!
  1123 | D:2      | Bacchus: My fault for falling for it.
  1290 | D:2      | Found a faded altar of an unknown god.
  1293 | D:2      | Noticed Sigmund
  1605 | D:2      | Reached skill level 4 in Axes
  1605 | D:2      | Reached XP level 4. HP: 33/38 MP: 4/4
  1797 | D:2      | Noticed Jessica
  1806 | D:2      | Killed Jessica
  1917 | D:2      | Bacchus: Sigmund with a scythe of distortion.
  1930 | D:3      | Toan: ha.
  2025 | D:3      | Found a sacrificial altar of Ru.
  2026 | D:3      | Found a bloodstained altar of Trog.
  2027 | D:3      | Toan: as if he wasn't bad enough
  2039 | D:3      | Toan: Ru could be interesting, if you like Ru
  2039 | D:3      | Toan: you get a sacrifice immediately
  2039 | D:3      | Bacchus: Ru is cool.
  2039 | D:3      | Bacchus: ??uskayaw
  2039 | D:3      | beem: uskayaw[1/6]: God of ecstatic dance. Piety raises
                  | very quickly as you deal damage and drops very quickly over
                  | time. *: Stomp for AOE damage. **: Teleport through a line
                  | of creatures, confusing them. ***: on reaching this piety
                  | level, briefly paralyze all enemies in LOS. ****: On
                  | reaching this piety level, monsters share damage. *****:
                  | Telefrag any monster in LOS.
  2039 | D:3      | Bacchus: ??uskayaw reasons
  2039 | D:3      | beem: uskayaw reasons[1/3]: Tha orc be hit by a flyin'
                  | piece o' Saint Roka!
  2039 | D:3      | Bacchus: ??uskayaw reasons[2
  2039 | D:3      | beem: uskayaw reasons[2/3]: reasons The balrug is hit by a
                  | flying piece of Cerebov!
  2039 | D:3      | Bacchus: ??uskayaw reasons[3
  2039 | D:3      | beem: uskayaw reasons[3/3]: !lm namelastname112 dras uka
                  | uniq=antaeus -tv
  2039 | D:3      | Bacchus: Trog would be fun but sort of braindead.
  2179 | D:3      | Found a snail-covered altar of Cheibriados.
  2181 | D:3      | Bacchus: ??chei reasons
  2181 | D:3      | beem: cheibriados reasons[1/3]: You want ridiculously good
                  | stats and abilities, even if that means dying to the first
                  | yaktaur pack you see.
  2713 | D:3      | Toan: what the heck is the singing sword
  2729 | D:3      | Toan: whaaat
  2729 | D:3      | Bacchus: It's a fun fixedart.
  2734 | D:4      | Toan: also priority #1 for me now is trying to figure out a
                  | source of good healing
  2739 | D:4      | Toan: cause uska is really good at killing everything
  2744 | D:4      | Reached XP level 5. HP: 38/45 MP: 5/5
  2759 | D:4      | Reached skill level 5 in Axes
  2774 | D:4      | HP: 11/45 [goblin/stone[Robin] (1)]
  2791 | D:4      | Toan: oh. singing sword works perfect with uska
  2891 | D:4      | Noticed Eustachio
  2899 | D:4      | Noticed Robin
  2910 | D:3      | Killed Robin
  3059 | D:4      | Found a sand-covered staircase.
  3072 | Ossuary  | Entered an ossuary
  3093 | Ossuary  | HP: 6/45 [mummy (9)]
  3368 | Ossuary  | Reached XP level 6. HP: 37/51 MP: 6/6
  3726 | D:4      | Reached skill level 6 in Axes
  3817 | D:4      | Killed Eustachio
  3884 | D:4      | HP: 11/51 [iguana (2)]
  3885 | D:4      | HP: 2/51 [iguana (9)]
  4108 | D:4      | Reached skill level 7 in Axes
  4108 | D:4      | Reached XP level 7. HP: 50/57 MP: 7/7
  4320 | D:5      | Entered Level 5 of the Dungeon
  4428 | D:4      | HP: 14/57 [orc priest/+0 hand axe (3)]
  4767 | D:5      | Toan: still no good god choices?
  5078 | D:5      | Reached skill level 8 in Axes
  5125 | D:5      | Toan: wow centaur warrior just murdered me
  5125 | D:5      | Bacchus: It happens.
  5125 | D:5      | Bacchus: Painful.
  5156 | D:5      | Toan: eh, my fault
  5160 | D:5      | Toan: I thought I had enough defense
  5161 | D:5      | Toan: clearly not
  5169 | D:5      | Reached skill level 1 in Armour
  5683 | D:5      | Got a crude platinum ring
  5743 | D:5      | Identified the ring "Tiaxajuo" {rF+ rC- Str+10 Slay+3} (You
                  | found it on level 5 of the Dungeon)
  5744 | D:5      | Bacchus: Bah.
  5744 | D:5      | Bacchus: Walking around with rC- is a losing move.
  5761 | D:5      | Found a staircase to the Ecumenical Temple.
  5770 | Temple   | Entered the Ecumenical Temple
  5794 | Temple   | Toan: D2 TSO you say?
  5812 | Temple   | Toan: and yes it is
  5851 | Temple   | Toan: vs D2 Yred
  5851 | Temple   | Bacchus: Early boost to accuracy, eventually allies and
                  | divine shield.
  5851 | Temple   | Bacchus: Yred will give you a lot of allies.
  5862 | Temple   | motherfuck
  5862 | Temple   | Toan: I think Yred's better for 3rune
  5862 | Temple   | Toan: TSO better for extended
  5862 | Temple   | Toan: I just want a fun 3rune, so Yred it is
  5869 | Temple   | Toan: nvm, Crocodile got me
  5912 | Temple   | Toan: haha
  5946 | Temple   | Bacchus: Ouch.
  5946 | Temple   | Became a worshipper of Uskayaw the Reveler
  5946 | Temple   | Toan: I forgot I wasn't invinsible
  5946 | Temple   | Reached * piety under Uskayaw
  5947 | Temple   | Toan: can't spell either
  5947 | Temple   | Bacchus: lol
  5947 | Temple   | Bacchus: afk a bit
  5947 | Temple   | Toan: I've died like, 5 times now, because I'm impatient
                  | and maybe a little grumpy
  5947 | Temple   | Toan: Uska is very razor's edge and so, doesn't help much
                  | with my mood
  5947 | Temple   | Toan: I found a D2 chei though, so FoFi^Chei itis
  5947 | Temple   | Bacchus: Is it online?
  6004 | D:5      | Noticed Grinder
  6006 | D:5      | Paralysed by Grinder for 6 turns
  6021 | D:5      | Reached ** piety under Uskayaw
  6028 | D:5      | Toan: yep
  6028 | D:5      | Reached *** piety under Uskayaw
  6030 | D:5      | Killed Grinder
  6030 | D:5      | Reached skill level 3 in Armour
  6030 | D:5      | Reached XP level 8. HP: 34/63 MP: 8/8
  6251 | D:5      | Bacchus: I've never played Chei.
  6258 | D:5      | Toan: me neither
  6265 | D:5      | Bacchus: ??chei guide
  6265 | D:5      | beem: I don't have a page labeled chei_guide in my learndb.
  6265 | D:5      | Toan: I asked someone who knows chei what to do, so I'm
                  | following that loose guide
  6694 | D:5      | HP: 13/63 [sky beast (5)]
  6698 | D:5      | Reached skill level 4 in Armour
  6716 | D:5      | HP: 14/63 [something (2)]
  7148 | D:6      | Reached skill level 5 in Armour
  7669 | D:6      | Found Gaddavecuj's Jewellery Shop.
  7677 | D:6      | Bought an uncursed ring of see invisible for 210 gold
                  | pieces
  7733 | D:6      | Toan: heh, crystal plate randart
  7736 | D:6      | Bacchus: Nice.
  7926 | D:6      | Reached skill level 6 in Armour
  8351 | D:7      | Reached XP level 9. HP: 56/70 MP: 9/9
  8544 | D:7      | Reached skill level 4 in Fighting
  8658 | D:7      | HP: 13/72 [crocodile (10)]
  8988 | D:7      | Reached skill level 5 in Fighting
  9017 | D:7      | Reached **** piety under Uskayaw
  9194 | D:7      | Noticed a gargoyle
  9271 | D:8      | Bacchus: Early gargoyles can bite me.
  9347 | D:8      | Reached skill level 6 in Fighting
  9485 | D:8      | Toan: yep
  9627 | D:8      | Found a basalt altar of Yredelemnul.
  9788 | D:8      | Learn to fart, fucker!
  9788 | D:8      | HP: 19/76 [wraith (5)]
  9789 | D:8      | Reached skill level 7 in Fighting
 10304 | D:8      | Reached ***** piety under Uskayaw
 10353 | D:8      | Reached skill level 8 in Fighting
 10379 | D:8      | Reached skill level 1 in Invocations
 10575 | D:8      | Noticed Psyche
 10576 | D:8      | Bacchus: Wonderful.
 10582 | D:8      | Toan: hey, at least you don't have to fight 2 ice dragons
 10594 | D:8      | HP: 19/79 [poisoned by a killer bee]
 10600 | D:8      | HP: 18/79 [poisoned by a killer bee]
 10608 | D:8      | HP: 18/79 [poisoned by a killer bee]
 10939 | D:9      | Noticed Prince Ribbit
 10939 | D:9      | Noticed Erica
 10939 | D:9      | Bacchus: This character is so gimpy.
 10939 | D:9      | Toan: xD
 10940 | D:9      | That's a no.
 10942 | D:8      | Toan: I have no idea how to build Uskayaw. It's an exotic,
                  | glass cannon puzzle
 10942 | D:8      | Toan: it's really cool to wade into a battle with an axe
                  | and slay everything in 3 turns though
 10942 | D:8      | Bacchus: I'd assume he's a mostly melee god.
 10966 | D:8      | Reached skill level 2 in Invocations
 10969 | D:8      | Reached skill level 3 in Invocations
 10979 | D:8      | Toan: Uska can be reasonable for ranged/magic though
 10984 | D:8      | Toan: as long as you're dealing damage
 10984 | D:8      | HP: 19/79 [wight/cursed +3 scimitar of freezing (9)]
 10987 | D:8      | Toan: linepass/stomp?
 10987 | D:8      | HP: 9/79 [wight/cursed +3 scimitar of freezing (1)]
 10997 | D:8      | Bacchus: Ha thanks.
 10997 | D:8      | Toan: :)
 11005 | D:8      | Toan: what's your Invo?
 11083 | D:8      | Toan: stomp does obscene damage with high Invo/Piety
 11083 | D:8      | Bacchus: Just started training it. Like 2.
 11083 | D:8      | Toan: oh ok.
 11290 | D:9      | Reached skill level 4 in Invocations
 11455 | D:9      | Reached XP level 10. HP: 62/88 MP: 13/13
 11645 | D:9      | Found a runed door.
 11667 | D:9      | Noticed jusw85's ghost (novice MfAK)
 11770 | D:9      | HP: 20/88 [killer bee (3)]
 11773 | D:9      | Reached skill level 5 in Invocations
 11775 | D:9      | HP: 19/88 [poisoned by a killer bee]
 11777 | D:9      | Bacchus: Grrrrr.
 11779 | D:9      | quit
 11779 | D:9      | Toan: got curing?
 11780 | D:9      | HP: 19/88 [poisoned by a killer bee]
 11783 | D:9      | Toan: quit is ctrl+q
 11783 | D:9      | Toan: if that's what you're looking for
 11783 | D:9      | Bacchus: It's the shortcut in my browser, too.
 11783 | D:9      | Toan: oh, lol
 11783 | D:9      | Bacchus: I refuse to die.
 11783 | D:9      | Bacchus: This character is unworthy of dying.
 11783 | D:9      | Bacchus: This character is a huge heap of shit.
 11783 | D:9      | Toan: does it affect your one and done?
 11783 | D:9      | Toan: and lol, yea
 11783 | D:9      | Toan: I wouldn't be happy to play this char
 11783 | D:9      | Bacchus: Sadly yes.
 11783 | D:9      | Bacchus: !lg . CeWn
 11783 | D:9      | beem: 6. Bacchus the Bolt Thrower (L1 CeWn), got out of the
                  | dungeon alive on 2015-05-04 01:44:40, with 0 points after 1
                  | turn and 0:00:14.
 11783 | D:9      | Bacchus: !lg . CeHu
 11783 | D:9      | beem: 5. Bacchus the Shooter (L3 CeHu), slain by an orc (a
                  | +1 flail of protection) on D:3 on 2015-05-04 02:06:58, with
                  | 67 points after 3317 turns and 0:06:54.
 11783 | D:9      | Bacchus: !lg . CeFi
 11783 | D:9      | beem: 1. Bacchus the Spear-Bearer (L9 CeFi of Nemelex
                  | Xobeh), shot by an orc warrior (bolt) in Bailey
                  | (bailey_polearm_2) on 2015-04-07 04:39:30, with 2942 points
                  | after 9986 turns and 0:44:54.
 11783 | D:9      | Bacchus: ??backgrounds
 11783 | D:9      | beem: backgrounds ~ background[1/3]: Affects starting
                  | skills, equipment, gold, spells, religion, piety, known
                  | items and the starting values for Str, Int, and Dex and
                  | nothing else and nothing afterwards.
 11783 | D:9      | Bacchus: !lg . CeEn
 11783 | D:9      | beem: No games for Bacchus (CeEn).
 11783 | D:9      | Bacchus: !lg . HoMo
 11783 | D:9      | beem: No games for Bacchus (HoMo).
 11783 | D:9      | Toan: HoMo = Beogh, surely
 11783 | D:9      | Bacchus: I don't want to babysit.
 11783 | D:9      | Bacchus: !lg . CeWr
 11783 | D:9      | beem: No games for Bacchus (CeWr).
 11783 | D:9      | Toan: Wanderer might be alright
 11783 | D:9      | Bacchus: !lg . CeWn
 11783 | D:9      | beem: 6. Bacchus the Bolt Thrower (L1 CeWn), got out of the
                  | dungeon alive on 2015-05-04 01:44:40, with 0 points after 1
                  | turn and 0:00:14.
 11783 | D:9      | Toan: uh what
 11783 | D:9      | Toan: hahah
 11783 | D:9      | Bacchus: What's that?
 11783 | D:9      | Toan: did you just quit turn 1?
 11783 | D:9      | Bacchus: I must have.
 11783 | D:9      | Bacchus: Probably typoed the character background.
 11783 | D:9      | Bacchus: Like I broke a streak by accident years ago by
                  | choosing Naga instead of a different race.
 11783 | D:9      | Toan: damn.
 11783 | D:9      | Bacchus: It was only two.
 11783 | D:9      | Toan: well I've never had a streak, so
 11783 | D:9      | Quit the game

Vault maps used:
D:1:      dpeg_cavernosity
D:2:      chequers_ecumenical_altar_simple, uniq_sigmund, uniq_jessica
D:3:      lemuel_coloured_pillars_altar, gammafunk_temple_overflow_pools,
          first_ration
D:4:      enter_ossuary_1, uniq_eustachio, uniq_robin
D:5:      wad_pebble_path, lemuel_temple_firewalk_b, uniq_grinder
D:6:      serial_shops, nicolae_shop_stone
D:7:      kennysheep_decorative_pillar
D:8:      corexii_shantytown, lemuel_mausoleum_altar_yredelemnul, uniq_psyche
D:9:      grunt_temple_overflow_gold_and_silver, zombieorc1_lemuel,
          ebering_ghost_inner_flame, uniq_prince_ribbit1, uniq_erica
Temple:   eino_temple_rhombus
Ossuary:  ossuary_minmay_tomb_2a

Skill      XL: |  1  2  3  4  5  6  7  8  9 10 |
---------------+-------------------------------+-----
Axes           | 3 4 5 7 8 |  8.0
Armour         | 3 6 |  6.0
Fighting       | 8 |  8.0
Invocations    | 4 5 |  5.0
Dodging        | |  2.4
Stealth        | |  1.4

Action                   |  1- 3 |  4- 6 |  7- 9 | 10-12 || total
-------------------------+-------+-------+-------+-------++-------
Melee: Hand axe          |   124 |   163 |   623 |    40 ||   950
       Kick              |    26 |    35 |   174 |     5 ||   240
 Fire: Hunting sling     |       |       |    13 |       ||    13
       Shortbow          |       |       |    27 |       ||    27
Invok: Line Pass         |       |       |     4 |       ||     4
       Stomp             |       |       |     2 |     1 ||     3
Evoke: Wand              |       |       |     1 |       ||     1
  Use: Scroll            |       |    15 |     4 |     2 ||    21
       Potion            |       |     3 |     4 |     2 ||     9
 Stab: Sleeping          |     2 |       |       |       ||     2
       Paralysed         |       |       |    24 |     4 ||    28
       Confused          |       |       |     1 |       ||     1
  Eat: Chunk             |     1 |     7 |    14 |       ||    22
       Ration            |       |       |     3 |       ||     3
Armor: Robe              |    41 |    59 |       |       ||   100
       Leather armour    |       |     4 |    57 |       ||    61
       Chain mail        |       |       |   235 |    36 ||   271
       Skin              |       |       |    21 |       ||    21
Dodge: Dodged            |    66 |   104 |   173 |     6 ||   349

Table legend:
 A = Non-vault XP
 B = Vault XP
 C = Vault XP percentage of total XP
 D = Non-vault monster count
 E = Vault monster count
 F = Vault count percentage of total count
                 A         B        C        D         E       F
            +---------+---------+-------+---------+---------+-------
      Total |    4297 |    1531 |  26.3 |     171 |      68 |  28.5
            +---------+---------+-------+---------+---------+-------
        D:1 |      37 |       9 |  19.6 |      18 |       4 |  18.2
        D:2 |      78 |      37 |  32.2 |      25 |       1 |   3.8
        D:3 |      23 |      16 |  41.0 |       6 |       1 |  14.3
        D:4 |     270 |     219 |  44.8 |      16 |      13 |  44.8
        D:5 |     926 |     281 |  23.3 |      21 |       1 |   4.5
        D:6 |     763 |       0 |   0.0 |      23 |       0 |   0.0
        D:7 |     794 |       0 |   0.0 |      31 |       0 |   0.0
        D:8 |     717 |     842 |  54.0 |      16 |      32 |  66.7
        D:9 |     689 |       0 |   0.0 |      15 |       0 |   0.0
    Ossuary |       0 |     127 | 100.0 |       0 |      16 | 100.0
            +---------+---------+-------+---------+---------+-------

Vault maps used:
D:1:      dpeg_cavernosity
D:2:      chequers_ecumenical_altar_simple, uniq_sigmund, uniq_jessica
D:3:      lemuel_coloured_pillars_altar, gammafunk_temple_overflow_pools,
          first_ration
D:4:      enter_ossuary_1, uniq_eustachio, uniq_robin
D:5:      wad_pebble_path, lemuel_temple_firewalk_b, uniq_grinder
D:6:      serial_shops, nicolae_shop_stone
D:7:      kennysheep_decorative_pillar
D:8:      corexii_shantytown, lemuel_mausoleum_altar_yredelemnul, uniq_psyche
D:9:      grunt_temple_overflow_gold_and_silver, zombieorc1_lemuel,
          ebering_ghost_inner_flame, uniq_prince_ribbit1, uniq_erica
Temple:   eino_temple_rhombus
Ossuary:  ossuary_minmay_tomb_2a

Table legend:
 A = Turns spent in this place as a percentage of turns spent in the entire game.
 B = Non-inter-level travel turns spent in this place as a percentage of non-inter-level travel turns spent in the entire game.
 C = Inter-level travel turns spent in this place as a percentage of turns spent in this place.
 D = Turns resting spent in this place as a percentage of non-inter-level travel turns spent in this place.
 E = Turns spent auto-exploring this place as a percentage of non-inter-level travel turns spent in this place.
 F = Non-inter-level travel turns spent in this place divided by the number of levels of this place that you've seen.
                   A       B       C       D       E      F
               +-------+-------+-------+-------+-------+----------------------
         Total | 100.0 | 100.0 |   1.7 |  40.6 |  37.4 | 1052.6
       Dungeon |  93.3 |  93.6 |   1.4 |  39.6 |  38.7 | 1204.1
        Temple |   1.6 |   1.2 |  25.4 |   0.0 |  89.6 | 144.0
       Ossuary |   5.1 |   5.2 |   0.0 |  68.2 |   1.7 | 598.0
               +-------+-------+-------+-------+-------+----------------------

Table legend:
 A = Kills in this place as a percentage of kills in entire the game.
 B = Kills by you in this place as a percentage of kills by you in the entire game.
 C = Kills by friends in this place as a percentage of kills by friends in the entire game.
 D = Other kills in this place as a percentage of other kills in the entire game.
 E = Experience gained in this place as a percentage of experience gained in the entire game.
 F = Experience gained in this place divided by the number of levels of this place that you have seen.
                   A       B       C       D       E      F
               +-------+-------+-------+-------+-------+----------------------
         Total | 100.0 | 100.0 |   N/A |   N/A | 100.0 | 529.8
       Dungeon |  93.3 |  93.3 |   N/A |   N/A |  97.8 | 633.4
       Ossuary |   6.7 |   6.7 |   N/A |   N/A |   2.2 | 127.0
               +-------+-------+-------+-------+-------+----------------------
